 Dungeon Crawl Stone Soup version 0.28-a0-313-gbc0475efdd (webtiles) character file.

Game seed: 17215234805901940752

45 siradein the Slasher (level 3, -4/29 HPs)
             Began as a Demonspawn Fighter on Aug 31, 2021.
             Slain by Jessica (6 damage)
             ... on level 2 of the Dungeon.
             The game lasted 00:05:53 (910 turns).

siradein the Slasher (Demonspawn Fighter)            Turns: 910, Time: 00:05:53

Health: -4/29      AC:  7    Str: 17    XL:     3   Next: 42%
Magic:  3/3        EV:  8    Int:  9    God:
Gold:   56         SH:  8    Dex: 12    Spells: 2/2 levels left

rFire   . . .      SeeInvis .   a - +0 long sword
rCold   . . .      Faith    .   c - +0 kite shield
rNeg    . . .      Spirit   .   e - +3 leather armour
rPois   .          Reflect  .   (helmet restricted)
rElec   .          Harm     .   g - +0 cloak
rCorr   .          Rampage  .   (no gloves)
Will    .....                   (no boots)
Stlth   +.........              (no amulet)
HPRegen 0.09/turn               (no ring)
MPRegen 0.08/turn               (no ring)

@: no status effects
A: antennae 1
a: no special abilities


You were on level 2 of the Dungeon.
You visited 1 branch of the dungeon, and saw 2 of its levels.

You collected 56 gold pieces.

Inventory:

Hand Weapons
 a - a +0 long sword (weapon)
Missiles
 n - 2 throwing nets (quivered)
Armour
 c - a +0 kite shield (worn)
 e - a +3 leather armour (worn)
 g - a +0 cloak (worn)
Wands
 m - a wand of mindburst (6)
Scrolls
 b - a scroll of torment {unknown}
 f - a scroll of silence {unknown}
 h - 3 scrolls of identify {unknown}
 j - 3 scrolls of enchant armour {unknown}
 k - a scroll of magic mapping {unknown}
 l - a scroll of holy word {unknown}
Potions
 d - 2 potions of might
 i - a potion of lignification {unknown}
 o - a potion of curing {unknown}


   Skills:
 - Level 3.0 Fighting
 + Level 3.5 Long Blades
 - Level 2.6 Armour
 - Level 2.6 Shields


You had 2 spell levels left.
You didn't know any spells.
Your spell library contained the following spells:

 Spells                   Type           Power      Damage    Failure   Level
 Freezing Cloud           Conj/Ice/Air   0%         6-21      100%        5
 Simulacrum               Ice/Necr       0%         N/A       100%        6
 Polar Vortex             Ice            0%         N/A       100%        9


Dungeon Overview and Level Annotations

Branches:
Dungeon (2/15)

Altars:

Shops:
D:1 :

Annotations:
D:2 Jessica


Innate Abilities, Weirdness & Mutations

You have a pair of small antennae on your head.


Message History

Jessica is nearby!
Jessica is nearby!
Jessica is nearby!
Jessica is nearby!
Jessica shouts!
Jessica casts a spell at you. Pain shoots through your body!
You hit Jessica.
Jessica is moderately wounded.
Jessica casts a spell.
Jessica blinks!
You closely miss Jessica.
Jessica is moderately wounded.
You block Jessica's attack. x2
You closely miss Jessica.
Jessica is moderately wounded.
Jessica hits you with a +0 dagger.
You are too injured to fight recklessly!
You are too injured to fight recklessly!
You are too injured to fight recklessly!
You are too injured to fight recklessly!
You hit Jessica.
Jessica is severely wounded.
Jessica hits you with a +0 dagger.
* * * LOW HITPOINT WARNING * * *
Jessica hits you with a +0 dagger.
* * * LOW HITPOINT WARNING * * *
You hit Jessica but do no damage.
Jessica is severely wounded.
You block Jessica's attack. Jessica hits you with a +0 dagger.
* * * LOW HITPOINT WARNING * * *
You hit Jessica but do no damage.
Jessica is severely wounded.
Jessica hits you with a +0 dagger.
* * * LOW HITPOINT WARNING * * *
Aiming: Mindburst
Press: ? - help, Shift-Dir - straight line, f - Jessica
Aim: Jessica, wielding a +0 dagger and wearing a +0 robe (severely wounded, chance to affect: 73%) Jessica struggles to resist.
Jessica hits you with a +0 dagger.
You die...

######............#
###########.## #.#
#.# #.# #.# #.# #@#
#@# #.# #.# #.# #.#
..# #.# ###


You could see Jessica.

Vanquished Creatures
  3 dart slugs (D:1)
  A ball python (D:2)
  5 bats
  2 endoplasms (D:1)
  3 giant cockroaches
  8 goblins
  2 hobgoblins (D:1)
  A quokka (D:2)
  4 frilled lizards
  3 kobolds (D:1)
  5 rats
37 creatures vanquished.

Notes
Turn   | Place    | Note
-------+----------+-------------------------------------------
     0 | D:1      | siradein the Demonspawn Fighter began the quest for the
                  | Orb.
     0 | D:1      | Reached XP level 1. HP: 18/18 MP: 1/1
    78 | D:1      | Gained mutation: You have a pair of small antennae on your
                  | head. [demonic ancestry]
    78 | D:1      | Reached XP level 2. HP: 20/24 MP: 2/2
   273 | D:1      | Found Dydojek's Book Shop.
   449 | D:1      | Reached XP level 3. HP: 29/29 MP: 3/3
   843 | D:2      | Found a faded altar of an unknown god.
   884 | D:2      | Noticed Jessica
   910 | D:2      | Slain by Jessica

Illustrated notes

Levels and vault maps discovered:
D:1:      minmay_arrival_stone_box, layout_rooms, serial_shops,
          nicolae_shop_window_shopping, chequers_serial_rivers_room_a
D:2:      layout_basic, serial_shops, shop, chequers_ecumenical_altar_island,
          minivault_27, uniq_jessica

Skill      XL: |  1  2 |
---------------+-------+-----
Long Blades    | 2 3 |  3.5
Fighting       | |  3.0
Armour         | |  2.6
Shields        | |  2.6

Action                   || total
-------------------------++-------
Melee: Long sword        ||   123
Evoke: Wand              ||     1
 Stab: Sleeping          ||     1
Armor: Leather armour    ||    48
Dodge: Dodged            ||    43
Block: Kite shield       ||    69

Table legend: (Time is in decaauts)
 A = Elapsed time spent in this place.
 B = Non-inter-level travel time spent in this place.
 C = Inter-level travel time spent in this place.
 D = Time resting spent in this place.
 E = Time spent auto-exploring this place.
 F = Levels seen in this place.
 G = Mean time per level.
                   A        B        C        D        E       F      G
               +--------+--------+--------+--------+--------+-----+--------+
         Total |    971 |    967 |      4 |      0 |    621 |   2 |  485.5 |
       Dungeon |    971 |    967 |      4 |      0 |    621 |   2 |  485.5 |
               +--------+--------+--------+--------+--------+-----+--------+

Top non-repeatable levels by time:
     D:1: 679 daAuts
     D:2: 292 daAuts
